Map: Dusk Towers

Players

Koutsh

  • Race: Zerg Zerg
  • League: Bronze

juhyg - Winner!

  • Race: Zerg Zerg
  • League: Bronze

VOD

Have the link to the VOD?

Description

Time

  • Played on: Feb. 7, 2016, 6:14 p.m.
  • Length: 6:50
Show
View Real Time Build Order
Export as new Build Order

Koutsh Zerg 

Build Orders: Pool First 

Get SALT Encoding   

  12  0:02  Drone  
  13  0:08  Drone  
  14  0:26  Spawning Pool  
  13  0:30  Drone  
  14  0:37  Overlord  
  14  0:56  Drone  
  15  0:59  Drone  
  15  1:00  Drone  
  17  1:07  Extractor  
  16  1:13  Queen  
  16  1:15  Zergling x2  
  19  1:23  Drone  
  20  1:30  Zergling x2  
  21  1:39  Overlord  
  21  1:55  Zergling x2  
  21  1:56  Hatchery  
  21  2:04  Zergling x2  
  22  2:15  Drone  
  23  2:21  Queen  
  25  2:23  Drone  
  25  2:26  Zergling x6  
  29  2:38  Zergling x2, Metabolic Boost  
  30  3:00  Overlord  
  30  3:04  Baneling Nest  
  29  3:07  Overlord  
  29  3:11  Extractor  
  28  3:25  Zergling x2  
  28  3:26  Zergling x4  
  31  3:31  Drone x3  
  34  3:56  Zergling x10  
  34  4:00  Overlord x2  
  39  4:04  Queen  
  39  4:07  Baneling  
  39  4:08  Baneling x4  
  41  4:18  Drone x2  
  41  4:22  Drone x2  
  45  4:24  Drone  
  46  4:31  Zergling x2  
  46  4:32  Zergling x2  
  41  4:59  Zergling x16  
  40  5:08  Baneling x4  
  40  5:11  Lair  
  40  5:16  Roach Warren  
  39  5:27  Drone x3  
  42  5:32  Baneling x3  
  42  5:37  Drone  
  42  5:38  Drone x2  
  45  5:45  Drone  
  45  5:49  Drone x2  
  48  5:52  Extractor  
  48  5:53  Extractor  
  46  5:58  Roach x2  
  40  6:17  Roach x5  
  50  6:32  Spine Crawler  
Show
View Real Time Build Order
Export as new Build Order

juhyg Zerg - Winner!

Build Orders: Pool First 

Get SALT Encoding   

  12  0:19  Spawning Pool  
  11  0:22  Drone  
  11  0:26  Drone  
  13  0:35  Overlord  
  13  0:42  Drone  
  14  0:48  Overlord  
  14  0:56  Drone  
  15  1:14  Queen  
  17  1:37  Drone  
  17  1:38  Drone x2, Hatchery  
  19  1:57  Extractor  
  18  2:10  Drone x3  
  21  2:26  Drone x3  
  21  2:27  Drone  
  25  2:41  Zergling x2  
  26  2:49  Zergling x2  
  27  2:56  Roach Warren  
  27  2:58  Drone  
  27  3:00  Drone  
  27  3:01  Drone  
  29  3:07  Drone x3  
  29  3:11  Metabolic Boost  
  32  3:19  Drone x2  
  34  3:20  Queen  
  34  3:23  Overlord  
  36  3:29  Overlord  
  36  3:40  Extractor  
  35  3:56  Roach  
  35  3:57  Roach x4  
  35  3:59  Overlord x2  
  45  4:07  Drone  
  46  4:14  Drone  
  47  4:28  Zergling x4  
  47  4:29  Zergling x6  
  47  4:31  Zergling x2  
  53  4:37  Hatchery  
  47  4:53  Roach  
  47  4:54  Roach x6  
  47  4:55  Roach x3  
  63  5:17  Roach x2  
  63  5:18  Zergling x2  
  68  5:21  Overlord x2  
  68  5:24  Lair  
  68  5:34  Overlord x2  
  68  5:45  Roach x2  
  68  5:46  Roach x3  
  78  5:56  Zergling x2  
  78  5:57  Zergling x10  
  78  6:20  Roach x6  
  78  6:21  Roach x2  
  94  6:30  Roach x3  
Tags
 
Add a new tag
Caveats
  • Supply blocks, unpowered buildings, or Contaminate may cause inaccurate times.
  • Supply counts are checked every 10 seconds.